← All builds
Suicide front / Cortex / Economy first / OBSERVED BUILD

Standard suicide front

Cortex Suicide front build order · Supreme Isthmus

Economy-first start from a Bot Lab that pushes Thugs, Aggravators and Grunts to hold the middle while the player techs up as usual.

#rush #eco · 494 distinct matches · 91 players · 72% of Cortex Suicide front games · team won 53% of 510 · Recently observed

HOW TO PLAY IT

Key timing: Bot Lab by 0:35

  1. Grab 3 mex while bot lab goes down almost immediately.
  2. Finish bot lab and start pushing Thugs to middle right away.
  3. Layer wind, guard turrets and sentries while holding the line.
  4. Expect first kill and first loss almost immediately as fighting starts early.
  5. Transition into advanced metal extractor once middle is stable.

Phase by phase

TYPICAL OF ITS 494 GAMES
  1. 1
  2. 2
  3. 3
PLAY THE OPENING

Follow the example game's first 6:00 step by step: what to build now, what comes next, and where it goes. At 1× it keeps pace with your own game.

  1. 1

    Up to the Bot Lab

    Economy
    • Metal Extractor2Mex
    Order
    1. Bot LabBot Lab after 2 mexdone ~0:37, middle half 0:27–0:45

    By 0:22 in all: 2 mex

    The example game in this phase · 2 steps
    1. Mex ×3
    2. Bot LabBot Labdone 0:47 · typical 0:37
  2. 2

    Bot Lab to 5:00

    Economy
    • Metal Extractor4Mex
    • Wind Turbine3Wind
    Builders
    • Graverobber4 Graverobber
    • Construction Bot3 Con bot
    Army
    • Guard3 Guard
    • Thug15 Thug
    • Grunt3 Grunt
    Other
    • Radar Tower1 Radar Tower

    Some games also: aggravator (46%)

    By 5:00 in all: 5 mex · 3 wind

    The example game in this phase · 23 steps
    1. GruntGruntfor Pond
    2. GruntGrunt
    3. GraverobberGraverobber ×2
    4. Construction BotCon bot
    5. ThugThug ×4
    6. Mex
    7. ThugThug ×3
    8. Wind
    9. ThugThug
    10. Wind
    11. Radar TowerRadar Tower
    12. ThugThug
    13. Mex
    14. GraverobberGraverobber
    15. ThugThug ×3
    16. GraverobberGraverobber
    17. ThugThug
    18. Mex
    19. ThugThug ×2
    20. GraverobberGraverobber
    21. ThugThug ×3
    22. GraverobberGraverobber
    23. ThugThug ×2
  3. 3

    5:00 to 10:00

    Economy
    • Metal Extractor1Mex
    • Wind Turbine14Wind
    Builders
    • Construction Turret2 Con turret
    • Graverobber3 Graverobber
    • Construction Bot1 Con bot
    Army
    • Guard1 Guard
    • Thug8 Thug
    • Grunt2 Grunt

    Some games also: energy storage (47%) · aggravator (45%) · Radar Tower (41%) · Twin Guard (31%) · eat Bot Lab (35%)

    By 10:00 in all: 6 mex · 18 wind · 1 energy storage · 2 con turret

    The example game in this phase · 67 steps
    1. ThugThug
    2. GraverobberGraverobber
    3. ThugThug
    4. Construction BotCon bot
    5. ThugThug ×2
    6. GraverobberGraverobber
    7. Wind
    8. ThugThug
    9. Wind ×2
    10. ThugThug
    11. Wind
    12. ThugThug
    13. GraverobberGraverobber
    14. Advanced Metal ExtractorT2 mexdone 8:08 · typical 9:50
    15. ThugThug
    16. Mex
    17. ThugThug
    18. Mex
    19. Advanced Metal ExtractorT2 mex
    20. ThugThug
    21. GraverobberGraverobber
    22. ThugThug ×3
    23. GraverobberGraverobber
    24. ThugThug
    25. Wind
    26. Advanced Metal ExtractorT2 mex
    27. Wind ×3
    28. Bot LabBot Labdone 10:30
    29. GruntGrunt
    30. Wind
    31. ThugThug
    32. Wind
    33. GruntGrunt
    34. ThugThug
    35. Wind ×2
    36. Advanced Metal ExtractorT2 mex
    37. ThugThug
    38. Construction BotCon bot
    39. ThugThug
    40. GruntGrunt
    41. PawnPawn
    42. Con turret
    43. GruntGrunt ×2
    44. Con turret
    45. GruntGrunt ×2
    46. Con turret
    47. Wind
    48. GruntGrunt
    49. Wind
    50. Advanced Metal ExtractorT2 mex
    51. Vehicle PlantVehicle Plantdone 13:08
    52. GruntGrunt ×3
    53. Wind
    54. GruntGrunt
    55. Wind
    56. GruntGrunt
    57. Wind
    58. BruteBrute
    59. Construction BotCon bot
    60. Wind ×2
    61. GruntGrunt
    62. Wind
    63. Energy storage
    64. GruntGrunt
    65. Wind
    66. GruntGrunt
    67. Wind

Counts are medians over the build's games: half of them build more, half fewer. The example game is XXMACGAMERXX's (36 OS, 05/10/2026); pick another.

Team trades

IN AT LEAST 30% OF ITS GAMES

You hand over

Nothing regular.

You get

  • Tidal Generator4 Tidal from Pondfirst at 0:11 · in 69% of games
  • Advanced Construction Bot1 T2 con bot from Geo or Techfirst at 7:38 · in 57% of games

How it plays out

Typical game of this build, running totals by minute

Metal produced

010k20k
0:005:0010:0015:00

metal

Enemy metal destroyed

05k10k
0:005:0010:0015:00

metal

Own metal lost

05k10k15k
0:005:0010:0015:00

metal

510 games.

Show as table
ByMetal produced: This buildEnemy metal destroyed: This buildOwn metal lost: This build
1:0032700
2:0096500
3:002069200140
4:003167712642
5:00432816511430
6:00554925842412
7:00675036083473
8:00796845704492
9:00923953275480
10:001049060336293
11:001202366217138
12:001361270967946
13:001518477998729
14:001697885519413
15:0018684921410163
WHAT THE NUMBERS SAY

Standard suicide front wins slightly above average at 52%, with by far the heaviest early trading of any role.

  • + Fastest bot lab of any role at 0:35, matching its job of projecting force earliest.
  • − Highest own metal lost by far at 10162 by 15:00, reflecting constant frontline trading.
THE EXAMPLE YOU ARE READING

XXMACGAMERXX

36.5 OS · 05/10/2026

Open source match ↗

19 received units · includes a constructor
2218 metal received · 9590 energy received

Allied construction assistance is unknown. Timings are observations, not a promise of solo reproducibility.

Typical milestones

Bot Lab0:37Middle 50%: 0:27–0:45 · n=506
Advanced Metal Extractor9:50Middle 50%: 8:50–10:58 · n=330

Played most by

_X_64games of this build_Hawkey_54games of this buildXXMACGAMERXX43games of this buildImmort30games of this buildGuiTou25games of this build
Standard suicide front · Cortex Suicide front build order · BAR Build Atlas